AoeStats
← robain6

MegaRandom

509443367Analyzed
3v3 RM · 4d ago on Sep 26, 2026· 19m 54s· 6 players
Game mode
Random Map
Map size
Normal (6 player)
Population
200
Speed
Normal
Resources
Standard
Victory
Conquest
Starting age
Dark Age
Ending age
Imperial Age
RankedLock teamsTeams togetherTeam positionsShared explorationLock speedFull tech treeHidden civsTurbo modeCheats
Victory
Defeat
🇷🇺 Danes · Russia
1073
+15
🇫🇷 Vietnamese · France
1063
+16
🇩🇪 Mongols · Germany
1060
+16
🇩🇪 Romans · Germany
1108
-17
🇨🇳 Magyars · China
1084
-17
🇫🇮 Ethiopians · Finland
989
-13
Malouda
7:40 Loom
10:13 Feudal Age
11:00 Double-Bit Axe
10:56 Horse Collar
15:27 Gold Mining
15:59 Fletching
Nwelt
8:26 Loom
11:47 Feudal Age
12:51 Double-Bit Axe
13:02 Horse Collar
17:43 Castle Age
robain6
8:30 Loom
10:49 Feudal Age
12:43 Double-Bit Axe
15:31 Castle Age
13:40 Double-Bit Axe
14:16 Horse Collar
20:14 Husbandry
golden Eagle
0:27 Loom
11:16 Feudal Age
12:46 Horse Collar
18:21 Castle Age
17:19 Fishing Lines
Mozart
9:30 Loom
11:16 Feudal Age
15:00 Double-Bit Axe
16:05 Fletching
17:18 Padded Archer Armor
18:35 Horse Collar
likelisi017
10:29 Feudal Age
12:08 Loom
15:16 Castle Age
14:41 Horse Collar
15:08 Double-Bit Axe
Connection lost

Rejoining the realm…

Still unreachable

The connection could not be restored.

Session expired

The server has moved on; the page needs a fresh start.